 Dungeon Crawl Stone Soup version 0.28.0-53-g5a82cb258f (webtiles) character file.

Game seed: 8575160716780531318

242 Groucho the Sneak (level 6, 0/44 HPs)
             Began as a Gnoll Enchanter on June 7, 2022.
             Succumbed to a killer bee's poison
             ... on level 4 of the Dungeon.
             The game lasted 00:08:19 (6088 turns).

Groucho the Sneak (Gnoll Enchanter)                 Turns: 6088, Time: 00:08:20

Health: 0/44       AC:  2    Str:  9    XL:     6   Next: 9%
Magic:  2/13       EV: 13    Int: 15    God:
Gold:   131        SH:  0    Dex: 12    Spells: 4/15 levels left

rFire   . . .      SeeInvis .   a - +1 dagger
rCold   . . .      Faith    .   (no shield)
rNeg    . . .      Spirit   .   b - +0 robe
rPois   .          Reflect  .   (no helmet)
rElec   .          Harm     .   (no cloak)
rCorr   .          Rampage  .   (no gloves)
Will    .....                   (no boots)
Stlth   +++.......              (no amulet)
HPRegen 0.14/turn               (no ring)
MPRegen 0.13/turn               (no ring)

@: mighty, lethally poisoned (0 -> -2), flying, hasted, very quick
A: fangs 1, strong nose, distributed training
a: no special abilities


You were on level 4 of the Dungeon.
You visited 1 branch of the dungeon, and saw 4 of its levels.

You collected 131 gold pieces.

Inventory:

Hand Weapons
 a - a +1 dagger (weapon)
 e - a +0 dagger of freezing
Armour
 b - a +0 robe (worn)
Jewellery
 l - a ring of resist corrosion
Scrolls
 c - 2 scrolls of vulnerability {unknown}
 d - a scroll of identify {unknown}
 h - a scroll of enchant weapon {unknown}
 i - a scroll of summoning {unknown}


   Skills:
 + Level 1.8 Fighting
 + Level 3.1 Short Blades
 + Level 1.8 Long Blades
 + Level 1.8 Axes
 + Level 1.8 Maces & Flails
 + Level 1.8 Polearms
 + Level 1.8 Staves
 + Level 1.8 Slings
 + Level 1.8 Bows
 + Level 1.8 Crossbows
 + Level 1.8 Throwing
 + Level 1.8 Armour
 + Level 4.9 Dodging
 + Level 6.2 Stealth
 + Level 1.8 Shields
 + Level 1.8 Unarmed Combat
 + Level 5.3 Spellcasting
 + Level 1.4 Conjurations
 + Level 5.6 Hexes
 + Level 1.4 Summonings
 + Level 1.4 Necromancy
 + Level 1.4 Translocations
 + Level 1.4 Transmutations
 + Level 1.4 Fire Magic
 + Level 1.4 Ice Magic
 + Level 1.4 Air Magic
 + Level 1.4 Earth Magic
 + Level 1.4 Poison Magic
 + Level 2.0 Invocations
 + Level 1.8 Evocations


You had 4 spell levels left.
You knew the following spells:

 Your Spells              Type           Power      Damage    Failure   Level
a - Ensorcelled Hibernat  Hex/Ice        28%        N/A       5%          2
b - Confusing Touch       Hex            20%        N/A       4%          3
c - Dazzling Flash        Conj/Hex       28%        N/A       11%         3
d - Tukima's Dance        Hex            20%        N/A       4%          3

Your spell library contained the following spells:

 Spells                   Type           Power      Damage    Failure   Level


Dungeon Overview and Level Annotations

Branches:
Dungeon (4/15)
 Temple: D:4-7

Altars:

Annotations:
D:3 Dowan, Duvessa, Sigmund


Innate Abilities, Weirdness & Mutations

You have very sharp teeth.
Your uncanny sense of smell can sniff out nearby items.
Your experience applies equally to all skills.


Message History

Casting: Ensorcelled Hibernation (safe; 5% risk of failure)
Confirm with . or Enter, or press ? or * to list all spells.
Aiming: Ensorcelled Hibernation (safe; 5% risk of failure)
Press: ? - help, Shift-Dir - straight line, f - killer bee
Aim: a killer bee (chance to affect: 56%)
The killer bee resists with significant effort.
You feel sick. The killer bee closely misses you. x2
It was a potion of haste.
You feel yourself speed up.
You feel sick. The killer bee closely misses you.
The killer bee barely misses you.
Unknown command.
Unknown command.
It was a potion of flight.
You feel very buoyant.
You fly up into the air.
You feel sick. The killer bee closely misses you.
Unknown command.
The killer bee barely misses you.
You feel sick.
You feel sick.
You are no longer poisoned.
The killer bee stings you.
* * * LOW HITPOINT WARNING * * *
You are lethally poisoned!
The killer bee poisons you!
The quokka twitches its whiskers.
You feel very mighty all of a sudden.
* * * LOW HITPOINT WARNING * * *
You feel sick. The killer bee stings you.
* * * LOW HITPOINT WARNING * * *
You hit the killer bee.
The killer bee is lightly wounded.
* * * LOW HITPOINT WARNING * * *
You feel sick. The killer bee barely misses you.
You closely miss the killer bee. The killer bee barely misses you.
Unknown command.
You closely miss the killer bee.
* * * LOW HITPOINT WARNING * * *
You feel sick. The killer bee misses you.
Unknown command.
You completely miss the killer bee. Your bite misses the killer bee.
You die...

..........#+#
......).#.#.#
###..#.<)...####.##
.... #.......y.....
.###.##.#.###...#.#
#$...J..# ..#
#.###.### .#
##.##### ..
#.Jry@.+ ..
#.###### ∆. #+ ∆


You could see a killer bee, an endoplasm and a quokka.

Vanquished Creatures
  2 killer bees (D:4)
  An orc priest (D:3)
  Natasha (D:3)
  4 adders
  2 worms (D:2)
  2 dart slugs (D:2)
  4 orcs
  2 endoplasms
  A giant cockroach (D:1)
  3 goblins
  7 hobgoblins
  2 quokkas (D:1)
  10 ball pythons
  7 bats
  2 frilled lizards
  4 kobolds
  3 rats
57 creatures vanquished.

Vanquished Creatures (others)
  4 fungi (D:2)
  4 plants (D:2)
8 creatures vanquished.

Grand Total: 65 creatures vanquished

Notes
Turn   | Place    | Note
-------+----------+-------------------------------------------
     0 | D:1      | Groucho the Gnoll Enchanter began the quest for the Orb.
     0 | D:1      | Reached XP level 1. HP: 13/13 MP: 6/6
   852 | D:1      | Reached XP level 2. HP: 19/19 MP: 7/7
  2423 | D:1      | Reached XP level 3. HP: 25/25 MP: 9/9
  2622 | D:1      | Reached skill level 5 in Spellcasting
  2797 | D:2      | Learned a level 2 spell: Ensorcelled Hibernation
  2801 | D:2      | Learned a level 3 spell: Confusing Touch
  2805 | D:2      | Learned a level 3 spell: Dazzling Flash
  2809 | D:2      | Learned a level 3 spell: Tukima's Dance
  2823 | D:2      | Reached skill level 6 in Stealth
  3082 | D:2      | Reached skill level 1 in Invocations
  3702 | D:2      | Reached skill level 1 in Fighting
  3702 | D:2      | Reached skill level 1 in Long Blades
  3702 | D:2      | Reached skill level 1 in Axes
  3702 | D:2      | Reached skill level 1 in Maces & Flails
  3702 | D:2      | Reached skill level 1 in Polearms
  3702 | D:2      | Reached skill level 1 in Staves
  3702 | D:2      | Reached skill level 1 in Slings
  3702 | D:2      | Reached skill level 1 in Bows
  3702 | D:2      | Reached skill level 1 in Crossbows
  3702 | D:2      | Reached skill level 1 in Throwing
  3702 | D:2      | Reached skill level 1 in Armour
  3702 | D:2      | Reached skill level 1 in Shields
  3702 | D:2      | Reached skill level 1 in Unarmed Combat
  3702 | D:2      | Reached skill level 1 in Evocations
  3870 | D:2      | Reached XP level 4. HP: 31/32 MP: 6/11
  4514 | D:2      | Found a faded altar of an unknown god.
  4899 | D:3      | Reached skill level 1 in Conjurations
  4899 | D:3      | Reached skill level 1 in Summonings
  4899 | D:3      | Reached skill level 1 in Necromancy
  4899 | D:3      | Reached skill level 1 in Translocations
  4899 | D:3      | Reached skill level 1 in Transmutations
  4899 | D:3      | Reached skill level 1 in Fire Magic
  4899 | D:3      | Reached skill level 1 in Ice Magic
  4899 | D:3      | Reached skill level 1 in Air Magic
  4899 | D:3      | Reached skill level 1 in Earth Magic
  4899 | D:3      | Reached skill level 1 in Poison Magic
  5061 | D:3      | Noticed Natasha
  5067 | D:3      | Killed Natasha
  5068 | D:3      | Reached XP level 5. HP: 37/37 MP: 12/12
  5291 | D:3      | Noticed Sigmund
  5572 | D:4      | Noticed Duvessa
  5577 | D:4      | Noticed Dowan
  6073 | D:4      | Reached XP level 6. HP: 29/44 MP: 3/13
  6085 | D:4      | HP: 2/44 [poisoned by a killer bee]
  6088 | D:4      | Succumbed to a killer bee's poison

Illustrated notes

Levels and vault maps discovered:
D:1:      minmay_arrival_nine_rooms, layout_basic
D:2:      layout_basic, dreamdust_ecumenical_altar_hidden_monk_grotto
D:3:      layout_loops_corners, gammafunk_ghost_necromancy, uniq_natasha,
          uniq_sigmund
D:4:      nicolae_cairo_tiling_large, layout_basic,
          minmay_temple_entry_offerings, uniq_pikel, uniq_duvessa

Skill      XL: |  1  2  3  4  5 |
---------------+----------------+-----
Spellcasting   | 5 |  5.3
Stealth        | 6 |  6.2
Invocations    | 1 2 |  2.0
Fighting       | 1 |  1.8
Long Blades    | 1 |  1.8
Axes           | 1 |  1.8
Maces & Flails | 1 |  1.8
Polearms       | 1 |  1.8
Staves         | 1 |  1.8
Slings         | 1 |  1.8
Bows           | 1 |  1.8
Crossbows      | 1 |  1.8
Throwing       | 1 |  1.8
Armour         | 1 |  1.8
Shields        | 1 |  1.8
Unarmed Combat | 1 |  1.8
Evocations     | 1 |  1.8
Conjurations   | 1 |  1.4
Summonings     | 1 |  1.4
Necromancy     | 1 |  1.4
Translocations | 1 |  1.4
Transmutations | 1 |  1.4
Fire Magic     | 1 |  1.4
Ice Magic      | 1 |  1.4
Air Magic      | 1 |  1.4
Earth Magic    | 1 |  1.4
Poison Magic   | 1 |  1.4
Short Blades   | 3 |  3.1
Dodging        | |  4.9
Hexes          | |  5.6

Action                   |  1- 3 |  4- 6 || total
-------------------------+-------+-------++-------
Melee: Dagger            |   122 |    58 ||   180
       Punch             |     2 |     1 ||     3
       Bite              |     8 |     8 ||    16
 Cast: Ensorcelled Hiber |     9 |    40 ||    49
       Dazzling Flash    |       |     1 ||     1
  Use: Potion            |     1 |     5 ||     6
 Stab: Sleeping          |    14 |    20 ||    34
       Invisible         |     2 |       ||     2
Armor: Robe              |    25 |     3 ||    28
Dodge: Dodged            |    89 |    45 ||   134
